AoeStats
← boatman

Black Forest

504801195Analyzed
4v4 RM · 27d ago on Sep 6, 2026· 42m 31s· 8 players
Game mode
Random Map
Map size
Large (8 player)
Population
200
Speed
Normal
Resources
Standard
Victory
Conquest
Starting age
Dark Age
Ending age
Imperial Age
RankedLock teamsTeams togetherTeam positionsShared explorationLock speedFull tech treeHidden civsTurbo modeCheats
Victory
Defeat
🇨🇿 Goths · Czechia
952
+16
🇹🇷 Slavs · Türkiye
930
+17
🇷🇺 Portuguese · Russia
906
+18
🇰🇿 Shu · Kazakhstan
894
+20
🇮🇹 Turks · Italy
974
-18
🇦🇷 Persians · Argentina
968
-18
🇮🇳 Vietnamese · India
964
-18
🇺🇸 Teutons · United States
931
-17
KOMMEPCAHT
5:33 Loom
12:37 Feudal Age
14:10 Double-Bit Axe
14:07 Horse Collar
16:51 Castle Age
17:05 Wheelbarrow
18:53 Hand Cart
24:55 Heavy Plow
25:08 Bow Saw
25:29 Gold Mining
25:29 Stone Mining
26:18 Fervor
26:32 Stone Mining
28:03 Stone Shaft Mining
31:51 Imperial Age
31:07 Fletching
31:18 Padded Archer Armor
31:40 Ballistics
31:01 Treadmill Crane
31:11 Heated Shot
31:19 Murder Holes
31:43 Fortified Wall
31:28 Murder Holes
31:14 Treadmill Crane
31:45 Masonry
33:42 Chemistry
32:48 Siege Engineers
32:54 Arquebus
33:14 Conscription
32:47 Arson
32:48 Gambesons
32:23 Pikeman
33:41 Leather Archer Armor
33:22 Bodkin Arrow
34:01 Architecture
34:37 Two-Man Saw
34:18 Elite Organ Gun
37:26 Bracer
38:01 Ring Archer Armor
40:15 Crop Rotation
39:49 Scale Mail Armor
39:59 Forging
40:14 Bombard Tower
fefibagigapaba
0:26 Loom
12:10 Feudal Age
13:01 Double-Bit Axe
14:42 Horse Collar
17:28 Castle Age
18:39 Bow Saw
18:31 Heavy Plow
27:59 Wheelbarrow
27:46 Stone Mining
27:48 Gold Mining
31:15 Hand Cart
30:49 Town Watch
31:34 Town Patrol
32:07 Fletching
34:28 Gold Shaft Mining
36:03 Bodkin Arrow
40:14 Imperial Age
38:06 Ballistics
40:29 Masonry
40:32 Fortified Wall
40:17 Murder Holes
41:38 Conscription
41:22 Bracer
42:08 Bolt Magazine
cagatai
1:24 Loom
13:03 Feudal Age
17:56 Castle Age
16:28 Double-Bit Axe
16:48 Stone Mining
17:00 Horse Collar
21:22 Heavy Plow
24:41 Wheelbarrow
24:54 Fletching
26:32 Detinets
27:31 Bow Saw
28:50 Heavy Plow
28:53 Padded Archer Armor
29:04 Forging
28:52 Bodkin Arrow
30:23 Gold Mining
30:57 Masonry
32:13 Gold Shaft Mining
34:33 Imperial Age
32:52 Scale Barding Armor
33:58 Chain Barding Armor
34:59 Ballistics
34:36 Murder Holes
34:51 Fortified Wall
36:28 Plate Barding Armor
36:05 Bloodlines
35:59 Husbandry
36:42 Conscription
37:24 Light Cavalry
39:10 Druzhina
38:31 Elite Boyar
38:46 Man-at-Arms
39:32 Squires
39:50 Long Swordsman
41:16 Town Watch
42:38 Scale Mail Armor
ldanihel
0:42 Loom
13:30 Feudal Age
18:10 Castle Age
18:00 Gold Mining
17:58 Double-Bit Axe
17:56 Horse Collar
21:11 Bow Saw
21:05 Heavy Plow
27:23 Stone Mining
29:38 Wheelbarrow
33:50 Pikeman
34:31 Squires
37:28 Anarchy
39:21 Scale Mail Armor
40:46 Chain Mail Armor
Porfido
1:46 Loom
14:44 Feudal Age
18:47 Castle Age
24:51 Imperial Age
Gen Ledger4696
0:27 Loom
13:49 Feudal Age
14:24 Double-Bit Axe
14:22 Horse Collar
20:12 Castle Age
18:56 Fletching
20:11 Forging
21:26 Bow Saw
23:18 Crossbowman
24:10 Bodkin Arrow
24:47 Padded Archer Armor
25:54 Elite Skirmisher
29:54 Imperial Age
29:07 Wheelbarrow
30:36 Pikeman
32:49 Crenellations
31:59 Cavalier
38:57 Two-Man Saw
38:22 Ballistics
39:03 Chemistry
37:44 Halberdier
39:14 Conscription
39:50 Imperial Skirmisher
Dearboy
0:36 Loom
10:30 Feudal Age
11:40 Wheelbarrow
10:59 Gold Mining
11:14 Double-Bit Axe
11:53 Horse Collar
19:19 Castle Age
17:51 Stone Mining
20:45 Hand Cart
23:57 Town Watch
28:26 Fletching
28:36 Padded Archer Armor
29:14 Padded Archer Armor
29:27 Husbandry
29:38 Bloodlines
29:30 Bodkin Arrow
29:44 Scale Barding Armor
29:50 Forging
29:27 Light Cavalry
30:17 Bloodlines
32:29 Iron Casting
36:25 Chain Barding Armor
38:52 Padded Archer Armor
38:48 Bodkin Arrow
boatman
12:31 Feudal Age
17:01 Castle Age
15:13 Loom
18:13 Double-Bit Axe
18:10 Horse Collar
27:52 Stone Mining
27:55 Gold Mining
28:39 Heavy Plow
29:06 Bow Saw
33:27 Imperial Age
32:15 Ballistics
31:39 Treadmill Crane
32:23 Ballistics
32:22 Thumb Ring
31:41 Elite Skirmisher
33:14 Fletching
33:24 Padded Archer Armor
34:09 Wheelbarrow
35:00 Paper Money
34:05 Elite Rattan Archer
35:52 Chemistry
35:41 Hand Cart
35:51 Bodkin Arrow
37:50 Bracer
38:05 Leather Archer Armor
Connection lost

Rejoining the realm…

Still unreachable

The connection could not be restored.

Session expired

The server has moved on; the page needs a fresh start.